AoeStats
← [LCDR] Alone

Arabia

510417013Analyzed
4v4 RM · 2d ago on Sep 30, 2026· 28m 24s· 8 players
Game mode
Random Map
Map size
Large (8 player)
Population
200
Speed
Normal
Resources
Standard
Victory
Conquest
Starting age
Dark Age
Ending age
Imperial Age
RankedLock teamsTeams togetherTeam positionsShared explorationLock speedFull tech treeHidden civsTurbo modeCheats
Victory
Defeat
🇵🇹 Britons · Portugal
1634
+7
🇧🇷 Ethiopians · Brazil
1620
+8
🇧🇷 Magyars · Brazil
1434
+15
🇧🇷 Persians · Brazil
1212
+23
🇩🇴 Persians · Dominican Republic
1519
-18
🇵🇰 Franks · Pakistan
1410
-13
🇦🇷 Maya · Argentina
1382
-12
🇩🇴 Mongols · Dominican Republic
1326
-10
RD | Telematico
6:17 Loom
8:59 Feudal Age
9:22 Double-Bit Axe
20:21 Scale Barding Armor
23:59 Castle Age
22:16 Forging
23:09 Bloodlines
23:15 Gold Mining
24:33 Husbandry
24:42 Husbandry
25:06 Bow Saw
[TBArg] Search088
0:27 Loom
11:07 Feudal Age
16:22 Fletching
17:00 Double-Bit Axe
22:10 Horse Collar
23:30 Padded Archer Armor
30:15 Castle Age
bilalnizamani001
6:55 Loom
9:28 Feudal Age
10:13 Double-Bit Axe
14:43 Scale Barding Armor
22:36 Wheelbarrow
26:13 Castle Age
24:57 Forging
25:31 Gold Mining
RD | ShApE ShiFTeR
6:21 Loom
8:44 Feudal Age
9:20 Double-Bit Axe
12:50 Fletching
14:08 Padded Archer Armor
21:26 Wheelbarrow
25:52 Castle Age
26:17 Crossbowman
27:05 Thumb Ring
Savitar_pt
4:42 Loom
8:37 Feudal Age
12:05 Double-Bit Axe
12:31 Fletching
22:21 Castle Age
20:45 Gold Mining
22:21 Crossbowman
23:01 Bodkin Arrow
25:08 Ballistics
[LCDR] Alone
6:15 Loom
8:47 Feudal Age
10:27 Double-Bit Axe
13:03 Fletching
14:26 Town Watch
16:25 Padded Archer Armor
21:48 Castle Age
20:05 Gold Mining
21:48 Crossbowman
22:24 Bodkin Arrow
23:57 Ballistics
25:21 Bow Saw
[LCDR] ScOrPiOn II
6:29 Loom
8:51 Feudal Age
9:55 Double-Bit Axe
13:11 Scale Barding Armor
22:06 Castle Age
21:07 Bloodlines
22:11 Light Cavalry
23:28 Husbandry
23:55 Bow Saw
26:20 Chain Barding Armor
27:48 Gold Mining
Pituhepertuba_
6:34 Loom
8:49 Feudal Age
9:24 Double-Bit Axe
14:01 Horse Collar
15:17 Forging
21:01 Castle Age
19:00 Gold Mining
20:10 Scale Barding Armor
20:16 Bloodlines
21:30 Town Watch
22:22 Wheelbarrow
21:10 Light Cavalry
23:52 Iron Casting
27:35 Chain Barding Armor
Connection lost

Rejoining the realm…

Still unreachable

The connection could not be restored.

Session expired

The server has moved on; the page needs a fresh start.